 Dungeon Crawl Stone Soup version 0.31-a0-740-g87205ac768 (webtiles) character file.

Game seed: 1956125829784401466

356 Newt the Trooper (level 6, -1/40 HPs)
             Began as a Gargoyle Fighter on Sept 12, 2023.
             Was a Follower of Makhleb.
             Slain by a kobold brigand
             ... wielding a +1 short sword of protection
              (3 damage)
             ... in a sewer.
             The game lasted 00:03:31 (2992 turns).

Newt the Trooper (Gargoyle Fighter)                 Turns: 2992, Time: 00:03:32

Health: -1/40      AC:  9    Str: 20    XL:     6   Next: 63%
Magic:  6/6        EV:  9    Int:  8    God:    Makhleb [*.....]
Gold:   186        SH:  5    Dex:  9    Spells: 5/5 levels left

rFire   . . .        a - +1 flail
rCold   . . .        c - +1 buckler
rNeg    + . .        b - +0 scale mail
rPois   ∞            k - +0 helmet
rElec   +            (no cloak)
rCorr   .            (no gloves)
SInv    .            (no boots)
Will    .....        (no amulet) Stlth
                     (no ring)
HPRegen 0.26/turn    (no ring)
MPRegen 0.10/turn

%: no passive effects
@: mighty, very slow
A: sickness immunity, AC +4, negative energy resistance 1, electricity
resistance, torment resistance 1, petrification resistance, deformed body, weak
1, MP-powered wands
a: Renounce Religion


You were in a sewer.
You worshipped Makhleb.
Makhleb was aware of your devotion.
You visited 2 branches of the dungeon, and saw 5 of its levels.
You also visited: Sewer.

You collected 186 gold pieces.

Inventory:

Hand Weapons
 a - a +1 flail (weapon)
Missiles
 e - 4 silver javelins
 r - 23 poisoned darts
Armour
 b - a +0 scale mail (worn)
 c - a +1 buckler (worn)
 k - a +0 helmet (worn)
 q - a +0 pair of boots
Jewellery
 p - a ring of ice
Scrolls
 f - a scroll of noise {unknown}
 g - 2 scrolls of blinking
 i - 2 scrolls of fog
 l - 2 scrolls of enchant armour
Potions
 h - a potion of brilliance
 j - a potion of lignification {unknown}
 m - a potion of attraction {unknown}
 n - a potion of haste {unknown}
 o - a potion of berserk rage {unknown}
 s - 2 potions of resistance {unknown}


   Skills:
 - Level 5.0 Fighting
 - Level 5.0 Maces & Flails
 + Level 4.7 Armour
 - Level 3.2 Shields


You had 5 spell levels left.
You didn't know any spells.
Your spell library was empty.

Dungeon Overview and Level Annotations

Branches:
Dungeon (4/15)             Temple (1/1) D:4           Sewer (1/1)

Altars:
Ashenzari
Dithmenos
Elyvilon
Fedhas
Kikubaaqudgha
Makhleb
Qazlal
Vehumet
Wu Jian
Xom
Zin


Innate Abilities, Weirdness & Mutations

You are immune to sickness and miasma.
Your stone body is resilient. (AC +4)
You are immune to poison.
You resist negative energy. (rN+)
You are resistant to electric shocks. (rElec)
You are resistant to unholy torment.
You are immune to petrification.
Armour fits poorly on your strangely shaped body.
You are weak. (Str -2)
You expend magic power (3 MP) to strengthen your wands.


Message History

You are too injured to fight recklessly!
You are too injured to fight recklessly!
You are too injured to fight recklessly!
You are too injured to fight recklessly!
You are too injured to fight recklessly!
You are too injured to fight recklessly!
You are too injured to fight recklessly!
You are too injured to fight recklessly!
You are too injured to fight recklessly!
You are too injured to fight recklessly!
You are too injured to fight recklessly!
You are too injured to fight recklessly!
You are too injured to fight recklessly!
You are too injured to fight recklessly!
You are too injured to fight recklessly!
You are too injured to fight recklessly!
Unknown command.
You miss the kobold brigand.
The kobold brigand is heavily wounded.
The kobold brigand splashes around in the water.
You hit the kobold brigand but do no damage.
The kobold brigand is heavily wounded.
The kobold brigand hits you with a +1 short sword of protection.
You closely miss the kobold brigand.
The kobold brigand is heavily wounded.
The kobold brigand hits you with a +1 short sword of protection.
* * * LOW HITPOINT WARNING * * *
The kobold brigand hits you with a +1 short sword of protection.
* * * LOW HITPOINT WARNING * * *
You hit the kobold brigand.
The kobold brigand is heavily wounded.
The kobold brigand splashes around in the water.
You barely miss the kobold brigand.
The kobold brigand is heavily wounded.
The kobold brigand hits you with a +1 short sword of protection.
* * * LOW HITPOINT WARNING * * *
Unknown command.
You feel very mighty all of a sudden.
The kobold brigand hits you with a +1 short sword of protection.
You die...

~~P~..~~~~~...≈≈≈≈≈≈
~...~)~.)~~.P#######
.#~#~~~.~~~P~≈≈≈≈≈
##~#..~.~.~..≈≈≈≈≈
~#~#..~~~.P~.≈≈≈≈≈
##~#~.~.~P.~≈≈≈≈≈≈
P.~#~..~P.~~≈≈≈≈≈≈
##~#~.~...############..
#~#.~~.P.~~~~~~@KK~~~..
#~#~.~~..############.~
##~#....~.~.≈≈≈≈
.~~.~..~~~..≈≈≈≈
######P....~≈≈≈≈
~~~†~~..~~≈≈≈≈≈≈
######~.≈≈≈≈≈≈≈≈ ≈≈≈
≈≈≈≈≈≈≈≈≈≈≈ ≈≈≈
≈≈≈≈≈≈≈≈≈≈≈≈


You could see a kobold brigand and a kobold.

Vanquished Creatures
  2 kobold brigands (Sewer)
  9 adders
  5 river rats
  A worm (D:4)
  3 orcs (D:4)
  8 endoplasms
  4 giant cockroaches
  7 goblins
  8 hobgoblins
  8 jackals
  10 kobolds
  5 quokkas
  6 ball pythons
  3 bats (D:2)
  4 frilled lizards
  12 rats
95 creatures vanquished.

Notes
Turn   | Place    | Note
-------+----------+-------------------------------------------
     0 | D:1      | Newt the Gargoyle Fighter began the quest for the Orb.
     0 | D:1      | Reached XP level 1. HP: 14/14 MP: 1/1
    99 | D:1      | Reached XP level 2. HP: 18/20 MP: 2/2
   479 | D:1      | Reached XP level 3. HP: 24/24 MP: 3/3
   544 | D:1      | You fall into a shaft and drop 1 floor!
   559 | D:2      | Gained mutation: You occasionally lose the ability to drink
                  | potions when taking damage. [potion of mutation]
   992 | D:2      | Reached skill level 5 in Fighting
  1049 | D:2      | Reached XP level 4. HP: 28/31 MP: 4/4
  1735 | D:3      | Found an ancient bone altar of Kikubaaqudgha.
  1906 | D:3      | Found a stormy altar of Qazlal.
  1922 | D:3      | Lost mutation: You occasionally lose the ability to drink
                  | potions when taking damage. [potion of mutation]
  1922 | D:3      | Gained mutation: Armour fits poorly on your strangely
                  | shaped body. [potion of mutation]
  1922 | D:3      | Gained mutation: You are weak. (Str -2) [potion of
                  | mutation]
  1922 | D:3      | Gained mutation: You expend magic power (3 MP) to
                  | strengthen your wands. [potion of mutation]
  2201 | D:4      | Found a staircase to the Ecumenical Temple.
  2243 | Temple   | Entered the Ecumenical Temple
  2250 | Temple   | Became a worshipper of Makhleb the Destroyer
  2280 | D:4      | Reached XP level 5. HP: 5/35 MP: 5/5
  2470 | D:4      | Found a glowing drain.
  2475 | Sewer    | Entered a sewer
  2481 | Sewer    | Noticed a kobold brigand
  2507 | Sewer    | Killed a kobold brigand
  2508 | Sewer    | Reached skill level 5 in Maces & Flails
  2508 | Sewer    | Reached XP level 6. HP: 29/40 MP: 6/6
  2608 | Sewer    | Reached * piety under Makhleb
  2991 | Sewer    | HP: 2/40 [kobold brigand/+1 short sword of protection (3)]
  2992 | Sewer    | Slain by a kobold brigand

Illustrated notes

Levels and vault maps discovered:
D:1:      dpeg_arrival_water_temple_mockup, layout_basic, minmay_cupped
D:2:      layout_basic, minmay_tromino_v4_b
D:3:      layout_rooms, kiku_gazebo_garden_becter,
          nicolae_qazlal_scattered_showers
D:4:      layout_rooms, lemuel_blue_sif_altar, jmf_multi_god_temple,
          minmay_temple_entry_sparse_star, lightli_sewer_entry_pipes,
          uniq_duvessa
Temple:   nicolae_temple_cloud_nine
Sewer:    sewer_co_scattered_pipes

Skill      XL: |  1  2  3  4  5  6 |
---------------+-------------------+-----
Fighting       | 4 5 |  5.0
Maces & Flails | 3 5 |  5.0
Armour         | 4 |  4.7
Shields        | |  3.2

Action                     |  1- 3 |  4- 6 || total
---------------------------+-------+-------++-------
  Melee: Flail             |   122 |   282 ||   404
    Use: Scroll            |     5 |     5 ||    10
         Potion            |     1 |     3 ||     4
 Armour: Scale mail        |   142 |   198 ||   340
  Dodge: Dodged            |    95 |   136 ||   231
  Block: Buckler           |    41 |    53 ||    94

Table legend: (Time is in decaauts)
 A = Elapsed time spent in this place.
 B = Non-inter-level travel time spent in this place.
 C = Inter-level travel time spent in this place.
 D = Time resting spent in this place.
 E = Time spent auto-exploring this place.
 F = Levels seen in this place.
 G = Mean time per level.
                   A        B        C        D        E       F      G
               +--------+--------+--------+--------+--------+-----+--------+
         Total |   3185 |   3066 |    119 |    320 |   1898 |   6 |  530.8 |
       Dungeon |   2555 |   2449 |    106 |    320 |   1530 |   4 |  638.8 |
        Temple |     14 |      1 |     13 |      0 |      0 |   1 |   14.0 |
         Sewer |    615 |    615 |      0 |      0 |    368 |   1 |  615.0 |
               +--------+--------+--------+--------+--------+-----+--------+

Top non-repeatable levels by time:
     D:1: 941 daAuts
     D:2: 806 daAuts
   Sewer: 615 daAuts
     D:3: 482 daAuts
     D:4: 324 daAuts
  Temple: 14 daAuts
